 Dungeon Crawl Stone Soup version 0.30-b1-2-g02819fbbbe (webtiles) character file.

Game seed: 7989495837737293069

7 sanka the Charlatan (level 1, -1/11 HPs)
             Began as a Deep Elf Artificer on May 11, 2023.
             Slain by a hobgoblin (4 damage)
             ... on level 1 of the Dungeon.
             The game lasted 00:00:43 (113 turns).

sanka the Charlatan (Deep Elf Artificer)             Turns: 113, Time: 00:00:43

Health: -1/11      AC:  3    Str:  9    XL:     1   Next: 83%
Magic:  3/3        EV: 12    Int: 15    God:
Gold:   0          SH:  0    Dex: 15    Spells: 0/0 levels left

rFire   . . .        f - +1 short sword (elec)
rCold   . . .        (no shield)
rNeg    . . .        b - +0 leather armour
rPois   .            (no helmet)
rElec   .            (no cloak)
rCorr   .            (no gloves)
SInv    .            (no boots)
Will    .....        (no amulet)
Stlth   ++           (no ring)
HPRegen 0.21/turn    (no ring)
MPRegen 0.08/turn

%: no passive effects
@: no status effects
A: no striking features
a: no special abilities


You were on level 1 of the Dungeon.
You visited 1 branch of the dungeon, and saw 1 of its levels.

Inventory:

Hand Weapons
 a - a +0 club
 f - a +1 short sword of electrocution (weapon)
Armour
 b - a +0 leather armour (worn)
Wands
 c - a wand of flame (14) (quivered)
 d - a wand of charming (14)
 e - a wand of iceblast (5)


   Skills:
 - Level 0.7 Fighting
 - Level 0.7 Armour
 - Level 2.4 Dodging
 - Level 1.2 Stealth
 + Level 3.8 Evocations


You couldn't memorise any spells.
You didn't know any spells.
Your spell library was empty.

Dungeon Overview and Level Annotations

Branches:
Dungeon (1/15)

Altars:


Message History

You hit the endoplasm.
Lightning courses through the endoplasm!
You kill the endoplasm!
You start resting.
A hobgoblin comes into view.
You see here 3 stones.
A ball python comes into view.
A ball python is nearby!
The ball python hisses angrily.
You hit the ball python.
The ball python is severely wounded.
The ball python bites you. The ball python closely misses you.
You hit the ball python but do no damage.
Lightning courses through the ball python!
You kill the ball python!
No target in view!
A hobgoblin is nearby!
A hobgoblin is nearby!
The hobgoblin shouts!
The hobgoblin wields a +0 sling.
The hobgoblin shoots a sling bullet.
The sling bullet completely misses you.
The hobgoblin drinks a potion.
The hobgoblin seems to speed up.
The hobgoblin shoots a sling bullet.
The sling bullet hits you.
You are too injured to fight recklessly!
You are too injured to fight recklessly!
You are too injured to fight recklessly!
You are too injured to fight recklessly!
Found 9 gold pieces.
The hobgoblin unwields a +0 sling.
The hobgoblin closely misses you.
You closely miss the hobgoblin. The hobgoblin barely misses you.
The hobgoblin hits you.
You hit the hobgoblin but do no damage. The hobgoblin closely misses you.
You hit the hobgoblin.
The hobgoblin is heavily wounded.
The hobgoblin barely misses you. The hobgoblin hits you.
* * * LOW HITPOINT WARNING * * *
You closely miss the hobgoblin.
The hobgoblin is heavily wounded.
The hobgoblin hits you.
You die...

.♣ ..P. .. #. . P♣♣
#... ..♣ ...♣♣ .... P.
.#..♣.. P 8.8.#
?♣.....♣♣♣PPP .8...##
♣.g.$...PPP 8.8...##
#@# ..P .......## #.#
#.# ###.⌠.⌠.########.#
##†.#
+.#.....#......#.###.#
#<#..8..'.####.#.##(##
'.#.....#.####.....##
###.⌠.⌠.#........##.#
.......##............#
8.8...##..####.#####..#


You could see a hobgoblin (fast).

Vanquished Creatures
  An endoplasm (D:1)
  2 jackals (D:1)
  A ball python (D:1)
  A kobold (D:1)
5 creatures vanquished.

Vanquished Creatures (collateral kills)
  A jackal (D:1)
1 creature vanquished.

Vanquished Creatures (others)
  A jackal (D:1)
  3 plants (D:1)
4 creatures vanquished.

Grand Total: 10 creatures vanquished

Notes
Turn   | Place    | Note
-------+----------+-------------------------------------------
     0 | D:1      | sanka the Deep Elf Artificer began the quest for the Orb.
     0 | D:1      | Reached XP level 1. HP: 11/11 MP: 3/3
   113 | D:1      | Slain by a hobgoblin

Illustrated notes

Levels and vault maps discovered:
D:1:      ncdulo_halloftheorcs, layout_loops_ring, serial_forest,
          infiniplex_forest_clump_C, infiniplex_forest_end_3,
          infiniplex_forest_lined_3, infiniplex_forest_clump_long,
          infiniplex_forest_lined_room_3, infiniplex_forest_diagonal,
          minmay_tiny_reverse_x

Action                     || total
---------------------------++-------
  Melee: Short sword       ||    17
  Evoke: Wand              ||     2
 Armour: Leather armour    ||     5
  Dodge: Dodged            ||    18
